 Dungeon Crawl Stone Soup version 0.30-a0-458-g86641cc369 (webtiles) character file.

Game seed: 2777592072723920549

23 p00ps00p the Trooper (level 3, 0/33 HPs)
             Began as a Hill Orc Fighter on Dec 15, 2022.
             Slain by a goblin
             ... wielding a +0 dagger
             ... led by Robin
              (1 damage)
             ... on level 2 of the Dungeon.
             The game lasted 00:01:14 (530 turns).

p00ps00p the Trooper (Hill Orc Fighter)              Turns: 530, Time: 00:01:15

Health: 0/33       AC:  6    Str: 20    XL:     3   Next: 0%
Magic:  3/3        EV:  9    Int:  8    God:
Gold:   56         SH:  4    Dex: 10    Spells: 2/2 levels left

rFire   . . .      SeeInvis .    a - +1 war axe
rCold   . . .      Faith    .    c - +0 buckler
rNeg    . . .      Spirit   .    b - +0 scale mail
rPois   .          Reflect  .    (no helmet)
rElec   .          Harm     .    (no cloak)
rCorr   .          Rampage  .    (no gloves)
Will    .....                    (no boots)
Stlth   ..........               (no amulet)
HPRegen 0.25/turn                i - ring of flight
MPRegen 0.08/turn                (no ring)

@: flying
A: no striking features
a: no special abilities


You were on level 2 of the Dungeon.
You visited 1 branch of the dungeon, and saw 2 of its levels.

You collected 56 gold pieces.

Inventory:

Hand Weapons
 a - a +1 war axe (weapon)
Missiles
 n - 2 throwing nets (quivered)
Armour
 b - a +0 scale mail (worn)
 c - a +0 buckler (worn)
Jewellery
 i - a ring of flight (left hand)
Potions
 d - a potion of might
 e - a potion of heal wounds {unknown}
 f - 4 potions of flight
 g - 2 potions of invisibility {unknown}
 j - a potion of mutation
 m - 2 potions of curing {unknown}


   Skills:
 + Level 4.0 Fighting
 + Level 3.2 Axes
 + Level 3.6 Armour
 + Level 3.6 Shields


You had 2 spell levels left.
You didn't know any spells.
Your spell library contained the following spells:

 Spells                   Type           Power      Damage    Failure   Level
 Magic Dart               Conj           0%         1d3       85%         1
 Call Imp                 Summ           0%         N/A       94%         2
 Mephitic Cloud           Conj/Pois/Air  0%         N/A       99%         3


Dungeon Overview and Level Annotations

Branches:
Dungeon (2/15)

Altars:

Annotations:
D:2 Robin


Message History

You closely miss the goblin.
The goblin is severely wounded.
You barely miss the goblin. You hit the goblin. You hit the hobgoblin.
The goblin hits you but does no damage. x3; You are electrocuted!
Robin throws the goblin at you!
Unknown command.
You are too injured to fight recklessly!
Unknown command.
You are too injured to fight recklessly!
Unknown command.
You are too injured to fight recklessly!
Unknown command.
You are too injured to fight recklessly!
Unknown command.
You are too injured to fight recklessly!
You hit the goblin.
You kill the goblin!
You hit the goblin but do no damage. You slash the hobgoblin!
You kill the hobgoblin!
You barely miss the hobgoblin. You closely miss the goblin.
You miss the goblin. The goblin barely misses you.
The hobgoblin hits you but does no damage.
The goblin hits you but does no damage. x2
A dart slug comes into view.
The hobgoblin hits you but does no damage.
The goblin hits you but does no damage. The goblin hits you with a +0 club.
* * * LOW HITPOINT WARNING * * *
The goblin closely misses you. The goblin barely misses you.
You have reached level 3!
Your experience leads to an increase in your attributes!
Increase (S)trength, (I)ntelligence, or (D)exterity?
You feel stronger. x2
You completely miss the goblin. You hit the hobgoblin. You hit the goblin.
You kill the goblin!
You hit the goblin. x2
You kill the goblin!
You block Robin's attack. The hobgoblin hits you.
* * * LOW HITPOINT WARNING * * *
The goblin hits you but does no damage. The goblin hits you with a +0 dagger.
You die...

....# w..# ...#
#..# #... #gg#
#)g# #g@######.
#)g)......
#..######.
..####..#### # #
..........<###.#.#
....##............
........†.........
..................
........#..##..#.#


You could see Robin, a dart slug, 2 hobgoblins and 2 goblins.

Vanquished Creatures
  A ball python (D:2)
  3 bats (D:1)
  A giant cockroach (D:1)
  6 goblins
  4 hobgoblins
  3 kobolds (D:1)
  2 frilled lizards (D:1)
  2 rats (D:1)
22 creatures vanquished.

Notes
Turn   | Place    | Note
-------+----------+-------------------------------------------
     0 | D:1      | p00ps00p the Hill Orc Fighter began the quest for the Orb.
     0 | D:1      | Reached XP level 1. HP: 19/19 MP: 1/1
    39 | D:1      | Reached XP level 2. HP: 23/27 MP: 2/2
   126 | D:1      | Found a faded altar of an unknown god.
   523 | D:2      | Noticed Robin
   528 | D:2      | Reached skill level 4 in Fighting
   530 | D:2      | Reached XP level 3. HP: 5/33 MP: 3/3
   530 | D:2      | HP: 1/33 [hobgoblin[Robin] (5)]
   530 | D:2      | Slain by a goblin

Illustrated notes

Levels and vault maps discovered:
D:1:      elethiomel_arrival_shortcut, layout_rooms,
          ebering_ecumenical_altar_petrified, chequers_serial_rivers_micro_d,
          wander_ebering_terrifying_dragon_lair
D:2:      layout_basic, basic_altar, uniq_robin, uniq_sigmund

Skill      XL: |  1  2 |
---------------+-------+-----
Axes           | 3 |  3.2
Fighting       | 4 |  4.0
Armour         | |  3.6
Shields        | |  3.6

Action                   || total
-------------------------++-------
Melee: War axe           ||    33
  Use: Scroll            ||     6
Armor: Scale mail        ||    33
Dodge: Dodged            ||    19
Block: Buckler           ||    14

Table legend: (Time is in decaauts)
 A = Elapsed time spent in this place.
 B = Non-inter-level travel time spent in this place.
 C = Inter-level travel time spent in this place.
 D = Time resting spent in this place.
 E = Time spent auto-exploring this place.
 F = Levels seen in this place.
 G = Mean time per level.
                   A        B        C        D        E       F      G
               +--------+--------+--------+--------+--------+-----+--------+
         Total |    542 |    523 |     19 |      0 |    414 |   2 |  271.0 |
       Dungeon |    542 |    523 |     19 |      0 |    414 |   2 |  271.0 |
               +--------+--------+--------+--------+--------+-----+--------+

Top non-repeatable levels by time:
     D:1: 523 daAuts
     D:2: 18 daAuts
